 Dungeon Crawl Stone Soup version 0.28-a0-1199-gef9e1dbd39 (webtiles) character file.

Game seed: 12251368112259087797

46 HessuHobo the Skirmisher (level 3, -3/40 HPs)
             Began as an Ogre Monk on Dec 19, 2021.
             Slain by a gnoll (4 damage)
             ... on level 2 of the Dungeon.
             The game lasted 00:03:06 (1885 turns).

HessuHobo the Skirmisher (Ogre Monk)                Turns: 1885, Time: 00:03:07

Health: -3/40      AC:  3    Str: 15    XL:     3   Next: 66%
Magic:  3/3        EV: 10    Int: 13    God:
Gold:   41         SH:  0    Dex: 11    Spells: 2/2 levels left

rFire   . . .      SeeInvis .   a - +0 mace
rCold   . . .      Faith    .   (no shield)
rNeg    . . .      Spirit   .   b - +0 robe
rPois   .          Reflect  .   (helmet restricted)
rElec   .          Harm     .   (no cloak)
rCorr   .          Rampage  .   (gloves unavailable)
Will    .....                   (boots unavailable)
Stlth   ++........              (no amulet)
HPRegen 0.13/turn               (no ring)
MPRegen 0.08/turn               (no ring)

@: no status effects
A: large, unfitting armour, tough skin 1
a: no special abilities


You were on level 2 of the Dungeon.
You visited 1 branch of the dungeon, and saw 2 of its levels.

You collected 41 gold pieces.

Inventory:

Hand Weapons
 a - a +0 mace (weapon)
Missiles
 c - 16 poisoned darts (quivered)
Armour
 b - a +0 robe (worn)
Scrolls
 d - 3 scrolls of identify {unknown}
 g - a scroll of brand weapon {unknown}
 h - a scroll of teleportation {unknown}
 i - a scroll of amnesia {unknown}
Potions
 e - a potion of berserk rage {unknown}
 f - a potion of attraction {unknown}
 j - a potion of mutation {unknown}
 k - a potion of flight {unknown}


   Skills:
 + Level 4.5 Fighting
 * Level 3.4 Maces & Flails
 + Level 1.0 Armour
 - Level 2.7 Dodging
 - Level 1.4 Stealth


You had 2 spell levels left.
You didn't know any spells.
Your spell library was empty.

Dungeon Overview and Level Annotations

Branches:
Dungeon (2/15)

Altars:

Annotations:
D:2 Natasha


Innate Abilities, Weirdness & Mutations

You are too large for most types of armour.
You have tough skin. (AC +1)


Message History

A gnoll is nearby!
A gnoll is nearby!
A gnoll is nearby!
No reachable target in view!
No reachable target in view!
No reachable target in view!
The gnoll shouts!
You hear a shout! x2; You hear an angry hiss. x2
A gnoll comes into view. It is wielding a +0 flail.
A frilled lizard comes into view.
Found a faded altar of an unknown god.
The frilled lizard hisses angrily.
A gnoll and Natasha come into view.
Found a book of Cantrips.
You closely miss the gnoll. The gnoll barely misses you. x2
You hit the gnoll but do no damage. The gnoll hits you with a +0 flail!
You thump the gnoll!
The gnoll is heavily wounded.
The gnoll hits you with a +0 flail.
You hit the gnoll.
The gnoll is severely wounded.
The gnoll hits you with a +0 flail!
Things that are here:
a +0 short sword; a hobgoblin skeleton; a kobold skeleton
There are monsters nearby!
A dart slug comes into view.
You hit the dart slug.
The dart slug is lightly wounded.
The gnoll hits you with a +0 flail!
* * * LOW HITPOINT WARNING * * *
You sock the dart slug!
The dart slug is almost dead.
The gnoll hits you with a +0 flail!
* * * LOW HITPOINT WARNING * * *
The dart slug barely misses you.
You sock the dart slug!
You kill the dart slug!
The gnoll hits you with a +0 flail.
* * * LOW HITPOINT WARNING * * *
The gnoll hits you with a +0 flail.
You die...

.....##l....# #.###
.....#..#...# #.#.#
....g.))########.#.#
......#.# #.#.#.#
......#.# #.#.###
.....##.# #.#g#.#
...#.##.# ###l#.#
...#.#..#### #P#g#.#
....†#.###..##.#@###
..#>.#. ...##P#†#
....##. #..####.#
....# #..# #.#
#.#..#. #.###
#..####.# #.##.. ###
#.......# #....#
#.....#.## #....##
#.....#..# #.....##
##.....##.###......#


You could see 2 gnolls and a frilled lizard.

Vanquished Creatures
  An adder (D:2)
  3 dart slugs
  2 ball pythons (D:1)
  5 bats
  6 endoplasms
  2 hobgoblins
  2 jackals (D:1)
  2 quokkas
  2 frilled lizards (D:2)
  4 kobolds
  A rat (D:2)
30 creatures vanquished.

Notes
Turn   | Place    | Note
-------+----------+-------------------------------------------
     0 | D:1      | HessuHobo the Ogre Monk began the quest for the Orb.
     0 | D:1      | Reached XP level 1. HP: 24/24 MP: 1/1
   328 | D:1      | Reached XP level 2. HP: 32/32 MP: 2/2
  1008 | D:2      | Reached XP level 3. HP: 34/40 MP: 3/3
  1298 | D:2      | Reached skill level 1 in Armour
  1819 | D:2      | Found a faded altar of an unknown god.
  1820 | D:2      | Noticed Natasha
  1884 | D:2      | HP: 2/40 [gnoll (10)]
  1885 | D:2      | Slain by a gnoll

Illustrated notes

Levels and vault maps discovered:
D:1:      minmay_arrival_solitary_statue, layout_rooms
D:2:      layout_rooms, shapermc_ecumenical_altar_starsandcircs,
          serial_aquarium, aquarium_bridge_straight [aquarium_subvault_bridge,
          aquarium_subvault_wall, aquarium_subvault_bridge,
          aquarium_subvault_wall], aquarium_bridge_straight
          [aquarium_subvault_bridge, aquarium_subvault_window,
          aquarium_subvault_bridge, aquarium_subvault_wall],
          aquarium_window_corridor_1, aquarium_window_2, aquarium_window_1,
          aquarium_window_1, aquarium_view_2a, aquarium_balcony_3b,
          aquarium_pool_2, uniq_natasha

Skill      XL: |  1  2  3 |
---------------+----------+-----
Maces & Flails | 3 |  3.4
Armour         | 1 |  1.0
Fighting       | |  4.5
Dodging        | |  2.7
Stealth        | |  1.4

Action                   || total
-------------------------++-------
Melee: Mace              ||   126
 Stab: Sleeping          ||     2
Armor: Robe              ||    45
Dodge: Dodged            ||    79

Table legend: (Time is in decaauts)
 A = Elapsed time spent in this place.
 B = Non-inter-level travel time spent in this place.
 C = Inter-level travel time spent in this place.
 D = Time resting spent in this place.
 E = Time spent auto-exploring this place.
 F = Levels seen in this place.
 G = Mean time per level.
                   A        B        C        D        E       F      G
               +--------+--------+--------+--------+--------+-----+--------+
         Total |   1915 |   1908 |      7 |    948 |    582 |   2 |  957.5 |
       Dungeon |   1915 |   1908 |      7 |    948 |    582 |   2 |  957.5 |
               +--------+--------+--------+--------+--------+-----+--------+

Top non-repeatable levels by time:
     D:1: 990 daAuts
     D:2: 924 daAuts
